 Dungeon Crawl Stone Soup version 0.25.1-9-gc5326a611f (webtiles) character file.

Game seed: 12604293260263048464

2075 funkygono the Thrower (level 9, -1/81 HPs)
             Began as a Troll Hunter on Dec 28, 2020.
             Was a Believer of Okawaru.
             Slain by Harold
             ... wielding a +0 halberd
              (17 damage)
             ... on level 7 of the Dungeon.
             The game lasted 00:14:37 (5593 turns).

funkygono the Thrower (Troll Hunter)                Turns: 5593, Time: 00:14:38

Health: -1/81      AC:  7    Str: 24      XL:     9   Next: 6%
Magic:  8/8        EV: 11    Int:  7      God:    Okawaru [**....]
Gold:   446        SH:  0    Dex: 13 (14) Spells: 8/8 levels left

rFire    . . .     SeeInvis +     - Unarmed
rCold    . . .     Gourm    +   (no shield)
rNeg     . . .     Faith    .   b - +0 robe
rPois    .         Spirit   .   (helmet restricted)
rElec    .         Reflect  .   u - +0 cloak
rCorr    +         Harm     .   (gloves unavailable)
MR       .....                  (boots unavailable)
Stlth    ++........             (no amulet)
HPRegen  0.63/turn              y - ring of see invisible
MPRegen  0.11/turn              w - ring of Misuucej {rCorr Dex+3}

@: lightly drained
A: large, unfitting armour, claws 3, fast metabolism 3, gourmand, regeneration
1, shaggy fur 1, tough skin 3
a: Heroism, Renounce Religion


You were on level 7 of the Dungeon.
You worshipped Okawaru.
Okawaru was pleased with you.
You were completely stuffed.

You visited 2 branches of the dungeon, and saw 8 of its levels.
You also visited: Sewer.

You collected 446 gold pieces.

Inventory:

Missiles
 c - 5 large rocks
 d - 2 throwing nets
 h - 137 stones
 j - 33 poisoned darts
 m - 14 curare-tipped darts
 v - 11 javelins (quivered)
Armour
 b - a +0 robe (worn)
 u - a +0 cloak (worn)
Jewellery
 w - the ring of Misuucej (right claw) {rCorr Dex+3}
   (You found it on level 5 of the Dungeon)

   [ring of resist corrosion]

   It affects your dexterity (+3).
   It provides partial protection from all sources of acid and corrosion.
 y - a ring of see invisible (left claw)
Wands
 a - a wand of digging (6)
 x - a wand of flame (13)
Scrolls
 o - 3 scrolls of identify
 p - a scroll of magic mapping
 r - 5 scrolls of teleportation
 t - a scroll of remove curse
 z - a scroll of blinking {unknown}
Potions
 e - a potion of mutation
 g - 6 potions of curing
 i - 3 potions of magic
 l - 2 potions of resistance
 n - a potion of heal wounds
 q - 2 potions of might
 s - 2 potions of haste
Comestibles
 f - 17 rations
 k - a chunk of flesh


   Skills:
 + Level 3.0(2.8) Fighting
 + Level 8.1(7.9) Throwing
 + Level 3.4(3.3) Dodging
 + Level 1.4(1.2) Stealth
 + Level 6.9(6.7) Unarmed Combat


You had 8 spell levels left.
You didn't know any spells.
Your spell library was empty.

Dungeon Overview and Level Annotations

Branches:
Dungeon (7/15)             Temple (1/1) D:5           Sewer (visited)

Altars:
Ashenzari
Dithmenos
Elyvilon
Fedhas
Gozag
Hepliaklqana
Kikubaaqudgha
Makhleb
Nemelex Xobeh
Okawaru
Qazlal
Sif Muna
Trog
Uskayaw
Vehumet
Wu Jian
Xom
Yredelemnul
Zin
The Shining One

Annotations:
D:7 Harold


Innate Abilities, Weirdness & Mutations

You are too large for most types of armour.
You have claws for hands.
Your metabolism is lightning-fast.
You like to eat raw meat.
Your natural rate of healing is unusually fast.
You are covered in fur. (AC +1)
You have extremely tough skin. (AC +3)


Message History

Harold throws a throwing net.
The throwing net hits you.
You become entangled in the net!
You tear a large gash into the net.
Harold fires a harpoon shot at you. The harpoon shot hits you!
You are yanked forward by the harpoon shot.
You scratch Harold but do no damage. Harold hits you with a +0 halberd!
You claw Harold!
Harold is lightly wounded.
You scratch Harold but do no damage. You claw Harold.
Harold is moderately wounded.
Harold hits you with a +0 halberd!
You scratch Harold but do no damage.
Harold is moderately wounded.
Harold hits you with a +0 halberd!!
* * * LOW HITPOINT WARNING * * *
You claw Harold!
Harold is moderately wounded.
Harold hits you with a +0 halberd!
You die...

...
#.......###
##
#.........#
...........#
.....##.....#
..... #.....#
..... #.....#
######.....#
#
#..(..(###.#
#.......@@(#
...........(#
............#
...##.......#
............#
..........###
........#
........#


You could see Harold.

Vanquished Creatures
  Pikel (D:5)
  2 sky beasts (D:6)
  2 slaves (D:5)
  An ice beast (D:6)
  3 centaurs
  A gnoll sergeant (D:3)
  A bullfrog (D:6)
  A scorpion (D:6)
  A wight (D:7)
  A howler monkey (D:6)
  3 crimson imps (D:6)
  A quasit (D:6)
  A jelly (D:6)
  An orc priest (D:5)
  2 hounds (D:4)
  2 orc wizards (D:6)
  A gnoll shaman (D:6)
  4 worker ants
  A hound skeleton (D:4)
  Robin (D:3)
  16 gnolls
  A howler monkey skeleton (D:4)
  10 adders
  An ooze (D:6)
  An adder skeleton (D:4)
  2 worms
  4 dart slugs
  8 leopard geckos
  10 orcs
  6 bats
  7 giant cockroaches
  11 goblins
  14 hobgoblins
  12 jackals
  14 kobolds
  3 quokkas (D:4)
  4 ball pythons
  10 frilled lizards
  5 rats
  7 plants (Sewer)
177 creatures vanquished.

Vanquished Creatures (others)
  A worker ant (D:5)
1 creature vanquished.

Grand Total: 178 creatures vanquished

Notes
Turn   | Place    | Note
-------+----------+-------------------------------------------
     0 | D:1      | funkygono the Troll Hunter began the quest for the Orb.
     0 | D:1      | Reached XP level 1. HP: 19/19 MP: 0/0
    28 | D:1      | Reached skill level 4 in Throwing
    28 | D:1      | Reached XP level 2. HP: 27/27 MP: 1/1
   576 | D:2      | Reached XP level 3. HP: 35/35 MP: 2/2
  1044 | D:2      | Reached skill level 1 in Unarmed Combat
  1060 | D:2      | Reached XP level 4. HP: 33/42 MP: 3/3
  1346 | D:3      | Noticed Robin
  1370 | D:3      | Killed Robin
  1532 | D:3      | Reached XP level 5. HP: 44/49 MP: 4/4
  1604 | D:3      | Found a glowing drain.
  1612 | Sewer    | Entered a sewer
  2543 | D:3      | Found a sparkling altar of Nemelex Xobeh.
  2626 | D:3      | Reached skill level 5 in Throwing
  2626 | D:3      | Reached XP level 6. HP: 35/57 MP: 5/5
  3483 | D:4      | Found a radiant altar of Vehumet.
  3685 | D:5      | Entered Level 5 of the Dungeon
  3713 | D:5      | Found a shimmering altar of Xom.
  3713 | D:5      | Found a glowing silver altar of Zin.
  3713 | D:5      | Noticed an angel
  3812 | D:5      | Reached XP level 7. HP: 61/65 MP: 6/6
  3821 | D:5      | Got a warped jade ring
  3956 | D:5      | Found a staircase to the Ecumenical Temple.
  3965 | Temple   | Entered the Ecumenical Temple
  3979 | Temple   | Became a worshipper of Warmaster Okawaru
  4241 | D:5      | Noticed Pikel
  4284 | D:5      | Killed Pikel
  4284 | D:5      | Reached * piety under Okawaru
  4284 | D:5      | Reached skill level 6 in Throwing
  4284 | D:5      | Reached skill level 1 in Stealth
  4284 | D:5      | Reached skill level 5 in Unarmed Combat
  4464 | D:5      | Identified the ring of Misuucej {rCorr Dex+3} (You found it
                  | on level 5 of the Dungeon)
  4494 | D:6      | Reached XP level 8. HP: 73/74 MP: 7/7
  4588 | D:6      | Reached skill level 7 in Throwing
  4707 | D:6      | Reached ** piety under Okawaru
  5399 | D:7      | Reached skill level 8 in Throwing
  5492 | D:7      | Reached XP level 9. HP: 57/81 MP: 8/8
  5585 | D:7      | Noticed Harold
  5593 | D:7      | Slain by Harold

Illustrated notes

Levels and vault maps discovered:
D:1:      ebering_trefoil_twist, layout_rooms, minmay_misc_feat_rows
D:2:      layout_basic, minmay_misc_feat_hallway
D:3:      layout_loops_ring, nemelex_xobeh_ov_fountains_minmay, first_ration,
          gup_sewer_entry_spiral, uniq_robin
D:4:      layout_cave_pools, vehumet_altar_wand_db
D:5:      layout_gridville, grunt_temple_overflow_order_and_chaos_1,
          minmay_temple_entry_antechambers, uniq_pikel
D:6:      layout_loops_ring, minivault_1
D:7:      layout_basic, nicolae_overflow_crystal_walls, serial_shops,
          shop_statue, basic_altar, uniq_harold
Temple:   eino_temple_scatter_basement

Skill      XL: |  1  2  3  4  5  6  7  8 |
---------------+-------------------------+-----
Throwing       | 4 5 6 8 |  8.1
Unarmed Combat | 1 2 3 4 5 6 |  6.9
Fighting       | 2 3 |  3.0
Dodging        | 2 3 |  3.4
Stealth        | 1 |  1.4

Action                   |  1- 3 |  4- 6 |  7- 9 || total
-------------------------+-------+-------+-------++-------
Melee: Unarmed           |    31 |   271 |   149 ||   451
       Short sword       |     7 |       |       ||     7
       Punch             |       |     7 |     5 ||    12
Throw: Javelin           |    36 |    16 |     8 ||    60
       Large rock        |     6 |     2 |       ||     8
       Dart              |     8 |    45 |    59 ||   112
  Use: Scroll            |     1 |    13 |     3 ||    17
       Potion            |       |     1 |     4 ||     5
  Eat: Chunk             |    14 |    29 |    16 ||    59
Armor: Robe              |    12 |    58 |    36 ||   106
Dodge: Dodged            |    20 |    85 |    80 ||   185
